 Dungeon Crawl Stone Soup version 0.29.1-15-g9cfb28693d (webtiles) character file.

Game seed: 17564659960526511860

5234 Thatpatchoflichen the Carver (level 10, -2/80 HPs)
             Began as a Human Monk on Mar 1, 2023.
             Was an Initiate of Ru.
             Slain by a vault guard
             ... wielding a +0 broad axe
              (13 damage)
             ... in a bailey.
             The game lasted 00:22:22 (11134 turns).

Thatpatchoflichen the Carver (Human Monk)          Turns: 11134, Time: 00:22:23

Health: -2/80      AC: 13    Str: 12    XL:     10   Next: 92%
Magic:  10/10      EV: 14    Int: 10    God:    Ru [......]
Gold:   440        SH:  0    Dex: 17    Spells: 9/9 levels left

rFire   . . .      SeeInvis .   s - +3 long sword
rCold   . . .      Faith    .   f - orb {light}
rNeg    . . .      Spirit   .   G - +3 ring mail "Riracwo" {rPois}
rPois   +          Reflect  .   n - +0 helmet
rElec   .          Harm     .   (no cloak)
rCorr   .          Rampage  .   E - +1 pair of gloves of the Seven Lives {Will+ Regen+ Dex-3 Stlth+}
Will    +....                   (no boots)
Stlth   +.........              (no amulet)
HPRegen 1.03/turn               (no ring)
MPRegen 0.12/turn               (no ring)

@: glowing
A: disrupted magic 1
a: Renounce Religion


You were in a bailey.
You worshipped Ru.
Ru was noncommittal.
You visited 2 branches of the dungeon, and saw 10 of its levels.
You also visited: Bailey.

You collected 440 gold pieces.

Inventory:

Hand Weapons
 s - a +3 long sword (weapon)
 u - the +2 war axe of Untruth {vorpal, rF- rN++ rCorr Dex+3}
   (You found it on level 4 of the Dungeon)

   It inflicts extra damage upon your enemies.
   Dex:       It affects your dexterity (+3).
   rF:        It makes you vulnerable to fire.
   rN:        It greatly protects you from negative energy.
   rCorr:     It protects you from acid and corrosion.
Missiles
 j - 16 poisoned darts (quivered)
 t - 7 boomerangs
 A - a throwing net
Armour
 f - an orb of light (worn)
 n - a +0 helmet (worn)
 x - a +3 leather armour of fire resistance
 E - the +1 pair of gloves of the Seven Lives (worn) {Will+ Regen+ Dex-3 Stlth+}
   (You found it on level 7 of the Dungeon)

   Dex:       It affects your dexterity (-3).
   Regen:     It increases your rate of health regeneration.
   Will:      It increases your willpower.
   Stlth:     It makes you more stealthy.
 G - the +3 ring mail "Riracwo" (worn) {rPois}
   (You found it on level 8 of the Dungeon)

   rPois:     It protects you from poison.
 J - +0 steam dragon scales
Magical Staves
 g - a staff of earth
Jewellery
 b - a ring of fire
Wands
 I - a wand of acid (3)
Scrolls
 e - 5 scrolls of teleportation
 h - 4 scrolls of blinking
 i - 2 scrolls of enchant weapon
 l - 4 scrolls of noise
 o - 2 scrolls of fog
 p - a scroll of torment {unknown}
 q - 2 scrolls of magic mapping
 y - 2 scrolls of poison {unknown}
 z - 2 scrolls of summoning {unknown}
 B - a scroll of amnesia {unknown}
 C - a scroll of fear {unknown}
 H - 2 scrolls of vulnerability {unknown}
Potions
 a - 3 potions of heal wounds
 c - a potion of ambrosia
 d - 4 potions of curing
 k - 2 potions of flight {unknown}
 m - 2 potions of mutation
 r - 4 potions of brilliance
 v - a potion of attraction {unknown}
 w - 3 potions of might
 D - 3 potions of berserk rage {unknown}


   Skills:
 - Level 8.0 Fighting
 * Level 8.8 Long Blades
 - Level 8.0 Armour
 - Level 8.0 Dodging
 - Level 2.0 Stealth


You had 9 spell levels left.
You didn't know any spells.
Your spell library contained the following spells:

 Spells                   Type           Power      Damage    Failure   Level
 Necrotise                Necr           0%         1d4       67%         1
 Sublimation of Blood     Necr           0%         N/A       82%         2
 Wereblood                Tmut           0%         N/A       82%         2
 Gell's Gravitas          Tloc           0%         N/A       95%         3
 Teleport Other           Tloc           0%         N/A       95%         3
 Vampiric Draining        Necr           0%         2d6       95%         3
 Agony                    Necr           0%         N/A       100%        5
 Dispersal                Tloc           0%         N/A       100%        6
 Summon Hydra             Summ           0%         N/A       100%        7


Dungeon Overview and Level Annotations

Branches:
Dungeon (9/15)             Temple (1/1) D:7          Bailey (1/1)
   Lair: D:8-11         Orc: D:9-12

Altars:
Ashenzari
Cheibriados
Dithmenos
Elyvilon
Fedhas
Gozag
Hepliaklqana
Kikubaaqudgha
Makhleb
Nemelex Xobeh
Okawaru
Qazlal
Ru
Sif Muna
Trog
Uskayaw
Vehumet
Wu Jian
Xom
Yredelemnul
Zin
The Shining One

Shops:
D:1 (   D:2 *   D:3 *


Innate Abilities, Weirdness & Mutations

Your casting is slightly disrupted.


Message History

You hit the vault guard.
The vault guard is moderately wounded.
The vault guard hits you but does no damage.
The blink frog blinks!
You hit the vault guard.
The vault guard is moderately wounded.
The vault guard hits you with a +0 broad axe!
You hit the vault guard but do no damage.
The vault guard is moderately wounded.
The vault guard barely misses you.
You slash the vault guard!
The vault guard is heavily wounded.
The vault guard misses you.
You hit the vault guard but do no damage.
The vault guard is heavily wounded.
The vault guard hits you with a +0 broad axe!
The vault guard attacks as you move away!
The vault guard hits you with a +0 broad axe!
You hit the vault guard but do no damage.
The vault guard is heavily wounded.
The blink frog blinks!
The vault guard hits you but does no damage.
You slash the vault guard!
The vault guard is severely wounded.
The vault guard hits you with a +0 broad axe!
You slash the vault guard!
The vault guard is almost dead.
The blink frog hits you!
The vault guard hits you with a +0 broad axe.
* * * LOW HITPOINT WARNING * * *
You closely miss the vault guard.
The vault guard is almost dead.
The blink frog hits you but does no damage.
The vault guard hits you with a +0 broad axe!
* * * LOW HITPOINT WARNING * * *
The blink frog misses you.
You hit the vault guard but do no damage.
The vault guard is almost dead.
The vault guard hits you with a +0 broad axe!
You die...

#######....##~~~÷
###≈≈≈≈≈###..######
##≈≈~~~~~≈≈##)#....)
##≈~~~~~~~~~≈#.)....#
#≈~~~~~~~~~≈##....)..
#######~~..~.~.~≈#######..
#)....##..~....~~≈≈≈#..##.
!?.....#...~........#..#.†
!...∩..'p@F..~~~~~..'..#).
$!.....#..~.~~≈≈≈≈~~#...).
#!....##..~~≈≈####≈≈#....#
#######~..~≈### #########
#~~~.≈## ##~~.≈# ##~.≈#
###.+


You could see a vault guard and a blink frog.

Vanquished Creatures
  Prince Ribbit (D:8)
  Sigmund (D:2)
  6 yaks
  5 humans (Bailey)
  A steam dragon (D:9)
  Eustachio (D:6)
  Menkaure (D:6)
  A water moccasin (D:6)
  An ice beast (D:5)
  2 orc warriors
  3 sky beasts
  2 centaurs
  2 phantoms
  11 bullfrogs
  2 scorpions
  A necrophage (D:7)
  4 wights
  A howler monkey (D:4)
  5 hounds
  2 gnoll boudas
  6 orc priests
  2 jellies (D:6)
  Terence (D:2)
  An iguana (D:4)
  5 orc wizards
  8 gnolls
  7 adders
  4 white imps
  2 worms
  2 dart slugs
  19 orcs
  6 endoplasms
  3 giant cockroaches
  5 goblins
  9 hobgoblins
  2 kobolds
  4 quokkas
  10 ball pythons
  3 bats
  3 frilled lizards
  3 rats
158 creatures vanquished.

Notes
Turn   | Place    | Note
-------+----------+-------------------------------------------
     0 | D:1      | Thatpatchoflichen the Human Monk began the quest for the
                  | Orb.
     0 | D:1      | Reached XP level 1. HP: 18/18 MP: 1/1
   353 | D:1      | Found Yrerch Kaytai's Weapon Emporium.
   478 | D:1      | Reached XP level 2. HP: 24/24 MP: 2/2
   694 | D:2      | Found a faded altar of an unknown god.
   804 | D:2      | Noticed Terence
   816 | D:2      | HP: 1/24 [Terence/+0 hand axe (5)]
   817 | D:2      | Killed Terence
   818 | D:2      | Reached skill level 1 in Armour
   818 | D:2      | Reached XP level 3. HP: 1/29 MP: 3/3
  1332 | D:2      | Found Nuxtotsac's Assorted Antiques.
  1486 | D:2      | Reached XP level 4. HP: 35/35 MP: 4/4
  1545 | D:2      | Noticed Sigmund
  1579 | D:3      | Found Amikawie's Assorted Antiques.
  1893 | D:3      | Identified the +4 mace "Kaorosep" {flame, rC+ Dex+4}
  2827 | D:4      | Noticed a phantom
  2848 | D:4      | Killed a phantom
  2849 | D:4      | Reached XP level 5. HP: 33/42 MP: 5/5
  3012 | D:4      | Reached XP level 6. HP: 10/48 MP: 6/6
  3320 | D:4      | Identified the +2 war axe of Untruth {vorpal, rF- rN++
                  | rCorr Dex+3}
  4081 | D:2      | Killed Sigmund
  4082 | D:2      | Reached XP level 7. HP: 41/55 MP: 7/7
  4526 | D:5      | Entered Level 5 of the Dungeon
  4819 | D:4      | Reached skill level 5 in Fighting
  4819 | D:4      | Reached skill level 5 in Long Blades
  5357 | D:5      | Found a snail-covered altar of Cheibriados.
  5365 | D:5      | Found a white marble altar of Elyvilon.
  5903 | D:6      | Reached XP level 8. HP: 19/63 MP: 8/8
  6191 | D:6      | Noticed Eustachio
  6218 | D:6      | Killed Eustachio
  6788 | D:6      | Noticed Menkaure
  6800 | D:6      | Killed Menkaure
  7048 | D:6      | Found a blossoming altar of Fedhas.
  7625 | D:6      | Found a bloodstained altar of Trog.
  7712 | D:6      | Found a shadowy altar of Dithmenos.
  7712 | D:6      | Found an opulent altar of Gozag.
  7780 | D:6      | Reached XP level 9. HP: 71/71 MP: 9/9
  8058 | D:7      | Reached skill level 5 in Armour
  8058 | D:7      | Reached skill level 5 in Dodging
  8567 | D:7      | Found an ancient bone altar of Kikubaaqudgha.
  8678 | D:7      | HP: 2/71 [gnoll/+0 whip[a gnoll bouda] (3)]
  9145 | D:7      | Identified the +1 pair of gloves of the Seven Lives {Will+
                  | Regen+ Dex-3 Stlth+}
  9380 | D:7      | Found a staircase to the Ecumenical Temple.
  9393 | Temple   | Entered the Ecumenical Temple
  9411 | Temple   | Became a worshipper of Ru the Awakened
  9428 | D:7      | Gained mutation: Your casting is slightly disrupted. [Ru
                  | sacrifice]
  9867 | D:8      | Identified the +3 ring mail "Riracwo" {rPois}
 10107 | D:7      | Reached XP level 10. HP: 26/80 MP: 10/10
 10335 | D:8      | Noticed Prince Ribbit
 10350 | D:8      | Killed Prince Ribbit
 10757 | D:9      | Found a flagged portal.
 10769 | Bailey   | Entered a bailey
 11110 | Bailey   | Noticed a vault guard
 11134 | Bailey   | Slain by a vault guard

Illustrated notes

Levels and vault maps discovered:
D:1:      ebering_hopf_link, layout_rooms, serial_shops, shop
D:2:      layout_basic, ebering_ecumenical_altar_abandoned, serial_shops,
          nicolae_shop_statue_plus, minmay_misc_feat_ornament, uniq_sigmund,
          uniq_terence
D:3:      layout_basic, serial_shops, shop_statue, saegor_snake_ambush
D:4:      layout_loops_ring
D:5:      layout_cave_pools, amethyst_overflow_temple_binary,
          serial_co_window_serial, co_window_paths_a, co_window_paths_a,
          co_window_paths_b, co_window_of_opportunity_a,
          co_window_of_opportunity_a, co_window_unsneaky_path_a,
          co_window_cross_2, co_window_broadway_a, co_window_paths_e,
          co_window_paths_d, glass_columns_c, glass_columns_b, glass_columns_a,
          glass_columns_a, minivault_23
D:6:      layout_basic, kennysheep_mini_moat, gammafunk_temple_overflow_statue,
          mainiacjoe_overflow_catwalk, uniq_eustachio, uniq_menkaure
D:7:      layout_loops_cross, mainiacjoe_overflow_six_doors_small,
          minmay_temple_entry_statues_pillars, mrwooster_statue_mirror
D:8:      layout_cave_pools, uniq_prince_ribbit1
D:9:      layout_cross, enter_bailey_2, minmay_splitting_lines,
          minmay_misc_feat_iff
Temple:   hellmonk_temple_two_chambers
Bailey:   bailey_axe_froggy_fort_hellmonk, bailey

Skill      XL: |  1  2  3  4  5  6  7  8  9 10 |
---------------+-------------------------------+-----
Armour         | 1 2 3 4 6 8 |  8.0
Fighting       | 4 5 6 7 8 |  8.0
Long Blades    | 4 5 6 7 8 |  8.8
Dodging        | 4 6 8 |  8.0
Stealth        | |  2.0

Action                   |  1- 3 |  4- 6 |  7- 9 | 10-12 || total
-------------------------+-------+-------+-------+-------++-------
Melee: Falchion          |    57 |    74 |       |       ||   131
       Punch             |     1 |     1 |     1 |       ||     3
       Long sword        |       |    82 |   299 |   209 ||   590
       Scimitar          |       |       |     2 |       ||     2
Invok: Sacrifice Essence |       |       |     1 |       ||     1
  Use: Potion            |       |     1 |     1 |       ||     2
       Scroll            |       |       |     8 |     3 ||    11
Armor: Robe              |     3 |       |       |       ||     3
       Scale mail        |    15 |    67 |    81 |       ||   163
       Leather armour    |       |       |    61 |       ||    61
       Ring mail         |       |       |    19 |    78 ||    97
Dodge: Dodged            |    40 |    97 |   280 |   181 ||   598
